 Dungeon Crawl Stone Soup version 0.24.0-37-gcf1ca852f1 (webtiles) character file.

Game seed: 2980343091425525025, levelgen mode: deterministic

406 Peloso the Slasher (level 6, 0/55 HPs)
             Began as a Minotaur Fighter on Nov 25, 2019.
             Slain by an orc
             ... wielding a +0 club
              (3 damage)
             ... on level 4 of the Dungeon.
             The game lasted 00:04:29 (2728 turns).

Peloso the Slasher (Minotaur Fighter)               Turns: 2728, Time: 00:04:29

Health: 0/55       AC:  7    Str: 21    XL:     6   Next: 56%
Magic:  5/5        EV:  8    Int:  5    God:
Gold:   165        SH: 10    Dex: 11    Spells: 5/5 levels left

rFire    . . .     SeeInvis .   a - +4 falchion
rCold    . . .     Gourm    .   c - +0 shield
rNeg     . . .     Faith    .   b - +0 scale mail
rPois    .         Spirit   .   (helmet restricted)
rElec    .         Reflect  .   (no cloak)
rCorr    .         Harm     .   (no gloves)
MR       .....                  (no boots)
Stlth    ..........             (no amulet)
HPRegen  0.18/turn              (no ring)
MPRegen  0.09/turn              (no ring)

@: no status effects
A: retaliatory headbutt, horns 2
a: no special abilities


You were on level 4 of the Dungeon.
You were not hungry.

You visited 1 branch of the dungeon, and saw 4 of its levels.

You collected 165 gold pieces.

Inventory:

Hand Weapons
 a - a +4 falchion (weapon)
Armour
 b - a +0 scale mail (worn)
 c - a +0 shield (worn)
Scrolls
 e - 3 scrolls of teleportation {unknown}
 g - a scroll of blinking {unknown}
 h - 3 scrolls of identify {unknown}
 i - a scroll of remove curse {unknown}
 k - a scroll of enchant armour {unknown}
 l - a scroll of magic mapping {unknown}
 o - a scroll of enchant weapon {unknown}
 q - a scroll of fear {unknown}
Potions
 d - a potion of might
 j - a potion of magic {unknown}
 m - a potion of ambrosia {unknown}
 n - a potion of degeneration {unknown}
 p - a potion of lignification {unknown}
Comestibles
 f - 8 rations


   Skills:
 + Level 4.9 Fighting
 + Level 5.4 Long Blades
 + Level 4.7 Armour
 + Level 1.9 Dodging
 + Level 5.3 Shields


You had 5 spell levels left.
You didn't know any spells.
Your spell library was empty.

Dungeon Overview and Level Annotations

Branches:
Dungeon (4/15)
 Temple: D:4-7

Altars:


Innate Abilities, Weirdness & Mutations

You reflexively headbutt those who attack you in melee.
You have a pair of horns on your head.


Message History

The ogre hits you with a +0 giant club!
You slash the ogre!
The ogre is heavily wounded.
The ogre hits you with a +0 giant club!
You hit the ogre.
The ogre is heavily wounded.
You barely miss the ogre.
The ogre is heavily wounded.
You block the ogre's attack.
You slash the ogre!
The ogre is almost dead.
The ogre hits you with a +0 giant club!!
* * * LOW HITPOINT WARNING * * *
Your shield prevents you from hitting the ogre.
The ogre is almost dead.
You block the ogre's attack.
You hit the ogre.
You kill the ogre!
The orc hits you with a +0 club.
You die...

..# #.#
..# #.#
..# #.#
#.#
#.######
#.o....#
#####o##
#o# #@#
###


You could see an orc priest and an orc.

Vanquished Creatures
  An ogre (D:4)
  An orc priest (D:4)
  Terence (D:2)
  Natasha (thrice) (D:2)
  A hound skeleton (D:4)
  9 adders
  A gnoll (D:1)
  2 worms
  A dart slug (D:3)
  5 leopard geckos
  5 orcs (D:3)
  2 giant cockroaches
  8 hobgoblins
  5 kobolds
  2 quokkas (D:3)
  A ball python (D:1)
  11 bats
  15 frilled lizards
  7 goblins
  9 rats
90 creatures vanquished.

Notes
Turn   | Place    | Note
-------+----------+-------------------------------------------
     0 | D:1      | Peloso the Minotaur Fighter began the quest for the Orb.
     0 | D:1      | Reached XP level 1. HP: 19/19 MP: 0/0
   113 | D:1      | Reached XP level 2. HP: 27/27 MP: 1/1
   236 | D:1      | Reached XP level 3. HP: 26/33 MP: 2/2
   902 | D:2      | Noticed Terence
   904 | D:2      | Noticed Natasha
   909 | D:2      | Killed Terence
   909 | D:2      | Reached XP level 4. HP: 31/40 MP: 3/3
   912 | D:2      | Reached skill level 1 in Dodging
   915 | D:2      | Killed Natasha
  1319 | D:2      | Reached XP level 5. HP: 47/47 MP: 4/4
  1480 | D:2      | Noticed Natasha
  1487 | D:2      | Killed Natasha
  1635 | D:2      | Noticed Natasha
  1640 | D:2      | Killed Natasha
  1782 | D:3      | Reached skill level 5 in Shields
  1940 | D:3      | Reached XP level 6. HP: 53/53 MP: 5/5
  2445 | D:4      | Reached skill level 5 in Long Blades
  2725 | D:4      | HP: 2/55 [ogre/+0 giant club (18)]
  2728 | D:4      | Slain by an orc

Levels and vault maps discovered:
D:1:      minmay_arrival_floating_metal, layout_basic, minmay_lizard_pond
D:2:      layout_basic, first_ration, wad_floor_pattern_1, uniq_terence,
          uniq_natasha
D:3:      layout_basic
D:4:      layout_basic

Skill      XL: |  1  2  3  4  5  6 |
---------------+-------------------+-----
Fighting       | 4 |  4.9
Shields        | 4 5 |  5.3
Long Blades    | 3 4 5 |  5.4
Armour         | 4 |  4.7
Dodging        | 1 |  1.9

Action                   |  1- 3 |  4- 6 || total
-------------------------+-------+-------++-------
Melee: Long sword        |    95 |    73 ||   168
       Headbutt          |     9 |    16 ||    25
       Falchion          |       |    52 ||    52
  Eat: Chunk             |       |     4 ||     4
       Ration            |       |     1 ||     1
Armor: Scale mail        |    57 |    52 ||   109
Dodge: Dodged            |    31 |    37 ||    68
Block: Shield            |    59 |    66 ||   125
       Rpst.: Long sword |     7 |     3 ||    10
       Falchion          |       |     6 ||     6
